Map: Bridgehead LE (Void)

Players

VapouR - Winner!

  • Race: Zerg Zerg
  • League: Platinum

ImotoFantasy

  • Race: Protoss Protoss
  • League: Grandmaster

VOD

Have the link to the VOD?

Description

Time

  • Played on: Oct. 25, 2015, 12:30 a.m.
  • Length: 10:53
Show
View Real Time Build Order
Export as new Build Order

VapouR Zerg - Winner!

Build Orders: Hatch First 

Get SALT Encoding   

  12  0:03  Drone  
  13  0:12  Overlord  
  13  0:17  Drone  
  14  0:30  Drone  
  14  0:31  Drone  
  16  0:36  Drone  
  17  0:53  Hatchery  
  17  0:56  Drone  
  17  1:10  Spawning Pool  
  16  1:15  Drone  
  17  1:20  Drone, Extractor  
  17  1:25  Drone  
  18  1:46  Hatchery  
  17  1:49  Drone  
  17  1:54  Drone  
  19  1:57  Drone  
  20  2:01  Zergling x2  
  20  2:07  Drone  
  22  2:12  Drone  
  23  2:17  Drone  
  23  2:21  Metabolic Boost  
  24  2:26  Overlord  
  24  2:30  Drone  
  24  2:33  Drone  
  26  2:38  Drone  
  26  2:43  Queen  
  29  2:48  Drone  
  29  2:49  Drone  
  31  2:55  Overlord  
  31  2:58  Queen  
  31  3:01  Drone  
  31  3:04  Drone  
  35  3:09  Queen  
  37  3:14  Drone  
  38  3:20  Drone x3  
  38  3:22  Queen  
  42  3:27  Overlord  
  42  3:29  Drone  
  42  3:31  Drone  
  44  3:35  Drone x2  
  44  3:38  Drone  
  46  3:50  Roach Warren  
  46  3:51  Extractor x2  
  46  3:53  Overlord, Zergling x2  
  46  3:54  Zergling x6  
  47  3:56  Zergling x4  
  47  3:58  Zergling x2  
  50  4:04  Zergling x4  
  50  4:05  Zergling x2  
  53  4:15  Drone x5  
  53  4:16  Spore Crawler  
  57  4:20  Drone  
  58  4:27  Spore Crawler  
  58  4:28  Drone  
  58  4:29  Drone x4  
  62  4:35  Zergling x6  
  62  4:36  Zergling x2  
  65  4:47  Overlord x3  
  65  4:59  Lair  
  65  5:00  Overlord  
  65  5:01  Overlord  
  65  5:02  Extractor  
  64  5:08  Drone x6  
  70  5:18  Drone x4  
  70  5:20  Pneumatized Carapace  
  74  5:23  Overlord  
  74  5:25  Zergling x2  
  75  5:35  Zergling x2  
  75  5:36  Zergling x8  
  75  5:39  Zergling x2  
  81  5:44  Zergling x2  
  81  5:45  Zergling x2  
  81  5:46  Zergling x2  
  84  5:52  Zergling x4  
  84  5:53  Evolution Chamber  
  84  5:55  Evolution Chamber, Roach Warren  
  83  5:58  Zergling x2  
  84  6:06  Zergling x6  
  81  6:13  Zergling x6  
  81  6:17  Zergling x2  
  79  6:21  Zergling x8  
  79  6:22  Zergling x2  
  77  6:27  Zerg Missile Weapons Level 1, Zerg Ground Armor Level 1  
  77  6:28  Drone  
  77  6:31  Hydralisk Den  
  77  6:32  Zergling x2  
  74  6:38  Drone x5  
  79  6:43  Drone x2  
  79  6:44  Extractor  
  79  6:45  Glial Reconstitution  
  79  6:46  Hatchery  
  79  6:49  Drone  
  79  6:53  Hatchery  
  62  7:11  Drone x4  
  62  7:12  Drone x7, Extractor  
  62  7:15  Extractor  
  70  7:21  Spore Crawler  
  66  7:28  Hydralisk x6  
  78  7:33  Hydralisk  
  78  7:35  Hydralisk  
  82  7:41  Spore Crawler  
  81  7:46  Overlord x2  
  81  7:53  Overlord  
  81  7:56  Muscular Augments  
  81  8:03  Overlord x2  
  81  8:05  Hydralisk, Queen  
  83  8:06  Hydralisk  
  83  8:10  Hydralisk  
  83  8:11  Drone  
  90  8:13  Drone  
  90  8:19  Roach  
  97  8:20  Roach x2  
  97  8:21  Drone  
  97  8:22  Drone  
  97  8:36  Drone  
  97  8:37  Drone x10  
  108  8:50  Roach x6  
  119  8:55  Hydralisk x2  
  119  8:59  Spore Crawler  
  119  9:00  Spore Crawler  
  116  9:07  Hydralisk  
  116  9:08  Hydralisk, Roach x2  
  123  9:14  Hydralisk  
  123  9:15  Roach  
  124  9:22  Hydralisk  
  124  9:23  Overlord, Roach  
  124  9:24  Overlord x2  
  126  9:27  Overlord  
  126  9:39  Overlord x3  
  126  9:41  Spore Crawler  
  126  9:45  Hydralisk x5  
  135  9:59  Hydralisk, Roach  
  141  10:00  Roach  
  141  10:01  Ravager  
  141  10:02  Ravager x4  
  141  10:03  Ravager  
  147  10:07  Hydralisk  
  147  10:08  Hydralisk  
  147  10:09  Ravager  
  147  10:10  Ravager x5  
  147  10:12  Hydralisk  
  159  10:16  Hydralisk  
  159  10:17  Hydralisk  
  159  10:19  Hydralisk  
  165  10:22  Hydralisk  
  165  10:23  Drone  
  165  10:24  Drone  
  165  10:27  Hydralisk  
  171  10:29  Zergling x2  
  171  10:30  Zergling x4  
  171  10:32  Zergling x4  
  171  10:33  Zergling x2  
  171  10:35  Zergling x4  
Show
View Real Time Build Order
Export as new Build Order

ImotoFantasy Protoss 

Build Orders: Nexus First, Phoenix Opening 

Get SALT Encoding   

  12  0:00  Probe (Chrono Boost)  
  13  0:11  Probe (Chrono Boost)  
  14  0:19  Pylon  
  14  0:22  Probe (Chrono Boost)  
  15  0:37  Probe (Chrono Boost)  
  16  0:48  Probe (Chrono Boost)  
  17  0:58  Probe (Chrono Boost)  
  17  1:02  Nexus  
  18  1:09  Probe (Chrono Boost)  
  19  1:13  Pylon  
  19  1:19  Probe (Chrono Boost)  
  20  1:26  Gateway  
  20  1:30  Probe (Chrono Boost)  
  21  1:36  Assimilator  
  21  1:37  Assimilator  
  21  1:42  Probe (Chrono Boost)  
  22  1:53  Probe (Chrono Boost)  
  23  2:03  Probe (Chrono Boost)  
  24  2:12  Pylon  
  24  2:14  Probe (Chrono Boost)  
  25  2:16  Cybernetics Core  
  25  2:18  Probe (Chrono Boost)  
  25  2:19  Zealot  
  28  2:24  Probe (Chrono Boost)  
  30  2:30  Probe (Chrono Boost)  
  30  2:37  Probe (Chrono Boost)  
  30  2:40  Probe (Chrono Boost)  
  32  2:48  Probe (Chrono Boost)  
  33  2:55  Probe (Chrono Boost), Adept  
  37  2:58  Probe (Chrono Boost)  
  37  3:03  Stargate  
  37  3:06  Probe (Chrono Boost), Warp Gate  
  37  3:09  Probe (Chrono Boost)  
  39  3:21  Probe x2 (Chrono Boost)  
  41  3:30  Assimilator  
  41  3:32  Probe x2 (Chrono Boost)  
  41  3:33  Assimilator  
  43  3:34  Gateway, Pylon  
  43  3:37  Gateway  
  43  3:40  Gateway  
  43  3:43  Probe (Chrono Boost)  
  43  3:44  Probe (Chrono Boost)  
  43  3:46  Phoenix (Chrono Boost)  
  47  3:49  Stalker  
  49  3:56  Mothership Core  
  49  3:57  Pylon  
  49  3:58  Probe  
  52  4:04  Pylon  
  52  4:08  Phoenix (Chrono Boost)  
  52  4:09  Probe  
  55  4:24  Nexus  
  55  4:27  Pylon  
  55  4:29  Probe  
  55  4:30  Probe  
  57  4:40  Probe  
  57  4:43  Probe  
  57  4:45  Zealot  
  59  4:54  Probe  
  59  4:55  Probe  
  62  5:00  Phoenix (Chrono Boost)  
  62  5:01  Pylon  
  62  5:04  Probe  
  63  5:07  Probe  
  64  5:15  Probe  
  64  5:20  Probe  
  68  5:21  Nexus, Phoenix (Chrono Boost)  
  68  5:26  Probe  
  68  5:28  Zealot  
  71  5:32  Probe  
  70  5:37  Probe  
  70  5:38  Nexus  
  71  5:44  Probe  
  71  5:45  Forge  
  71  5:47  Pylon  
  72  5:51  Assimilator  
  72  5:52  Probe  
  72  5:53  Void Ray (Chrono Boost)  
  72  5:54  Assimilator  
  72  5:56  Probe  
  78  5:59  Zealot  
  80  6:11  Probe  
  80  6:13  Probe  
  82  6:18  Photon Cannon  
  82  6:22  Probe  
  82  6:24  Photon Cannon  
  82  6:25  Probe  
  76  6:27  Zealot  
  76  6:33  Probe, Nexus  
  76  6:37  Probe  
  78  6:43  Probe  
  79  6:49  Probe  
  79  6:54  Probe, Void Ray (Chrono Boost)  
  84  6:55  Zealot  
  87  7:01  Probe  
  87  7:04  Probe  
  89  7:13  Probe, Nexus  
  89  7:15  Probe  
  91  7:25  Probe x2, Protoss Ground Weapons Level 1 (Chrono Boost), Robotics Facility  
  91  7:28  Robotics Facility  
  93  7:34  Photon Cannon  
  93  7:40  Probe  
  94  7:58  Pylon  
  94  8:03  Pylon  
  94  8:15  Probe  
  94  8:16  Probe  
  94  8:17  Immortal, Robotics Bay  
  100  8:21  Pylon, Void Ray  
  100  8:25  Probe  
  93  8:36  Probe  
  93  8:37  Probe  
  84  8:41  Zealot  
  84  8:44  Photon Cannon  
  86  8:56  Probe  
  86  8:58  Probe  
  88  9:03  Void Ray  
  91  9:27  Zealot  
  91  9:28  Zealot x2  
  95  9:34  Pylon  
  95  9:38  Nexus  
  95  9:40  Pylon  
  95  9:53  Nexus, Pylon  
  95  9:55  Pylon  
  95  9:57  Colossus (Chrono Boost), Pylon  
  101  10:00  Pylon  
  101  10:02  Pylon  
  101  10:07  Pylon  
  107  10:24  Nexus  
  107  10:27  Probe  
  108  10:31  Photon Cannon  
Tags
 
Add a new tag
Caveats
  • Supply blocks, unpowered buildings, or Contaminate may cause inaccurate times.
  • Supply counts are checked every 10 seconds.